Map: [ESL] Crimson Court

Players

Astrea

  • Race: Protoss Protoss
  • Spawn Location: 1:00

Future - Winner!

  • Race: Terran Terran
  • Spawn Location: 7:00

Event: ESL SC2 Masters 2024 Spring (Regional)

VOD

Have the link to the VOD?

Description

Time

  • Played on: May 2, 2024, 1:14 p.m.
  • Length: 8:10

All games in this series

Show
View Real Time Build Order
Export as new Build Order

Astrea Protoss 

Build Orders: 1 Gate Expand, Blink Stalkers 

Get SALT Encoding   

  12  0:00  Probe  
  13  0:12  Probe  
  14  0:18  Pylon  
  14  0:24  Probe  
  15  0:36  Probe (Chrono Boost)  
  15  0:38  Gateway  
  16  0:47  Probe (Chrono Boost)  
  17  0:50  Assimilator  
  17  0:52  Probe (Chrono Boost)  
  18  1:03  Probe  
  19  1:15  Probe  
  20  1:25  Cybernetics Core  
  20  1:34  Nexus  
  20  1:37  Probe  
  21  1:45  Pylon  
  21  1:49  Probe  
  22  1:54  Pylon  
  22  2:01  Probe  
  22  2:02  Adept (Chrono Boost)  
  25  2:09  Assimilator  
  25  2:11  Warp Gate  
  25  2:14  Probe  
  26  2:25  Stalker (Chrono Boost)  
  26  2:26  Probe  
  29  2:33  Shield Battery  
  29  2:40  Probe  
  30  2:50  Probe  
  31  2:52  Stalker (Chrono Boost)  
  31  2:56  Probe  
  34  3:03  Twilight Council, Probe  
  35  3:08  Probe  
  36  3:19  Probe  
  35  3:27  Probe  
  35  3:31  Probe  
  35  3:32  Blink (Chrono Boost)  
  35  3:39  Probe  
  36  3:43  Probe  
  37  3:51  Probe  
  37  3:52  Gateway  
  37  3:53  Gateway  
  38  3:57  Probe  
  38  4:02  Stalker  
  41  4:03  Probe  
  41  4:09  Probe  
  43  4:10  Pylon  
  43  4:15  Probe  
  44  4:21  Probe  
  44  4:27  Probe  
  44  4:30  Stalker  
  43  4:33  Probe  
  44  4:39  Probe  
  45  4:46  Probe  
  45  4:49  Stalker x2  
  45  4:51  Probe  
  51  4:53  Stalker  
  51  4:54  Pylon  
  53  5:01  Probe  
  54  5:12  Probe  
  54  5:13  Probe  
  56  5:17  Nexus  
  56  5:20  Stalker  
  56  5:24  Probe  
  57  5:28  Stalker x2  
  57  5:33  Probe  
  54  5:36  Probe (Chrono Boost)  
  55  5:44  Charge (Chrono Boost)  
  55  5:45  Probe (Chrono Boost)  
  55  5:48  Probe (Chrono Boost)  
  57  5:50  Pylon  
  57  5:52  Stalker x2  
  57  5:56  Probe (Chrono Boost)  
  62  5:59  Pylon  
  62  6:08  Probe x2  
  62  6:10  Forge  
  64  6:12  Sentry  
  64  6:15  Stalker x2  
  70  6:20  Probe x2  
  72  6:31  Probe  
  72  6:32  Probe  
  74  6:34  Probe  
  75  6:43  Probe  
  75  6:46  Gateway x2  
  76  6:53  Zealot x3  
  82  6:56  Gateway  
  82  7:00  Pylon  
  82  7:02  Shield Battery  
  82  7:08  Gateway  
  82  7:11  Gateway  
  78  7:20  Zealot  
  78  7:21  Zealot x2  
  84  7:31  Probe x3  
  84  7:34  Pylon  
  87  7:40  Zealot  
  87  7:41  Zealot x4  
  87  7:44  Probe  
  98  7:45  Pylon  
  98  7:47  Nexus  
  97  7:55  Pylon  
  97  7:58  Zealot  
  97  8:04  Zealot x6  
Show
View Real Time Build Order
Export as new Build Order

Future Terran - Winner!

Build Orders:  

Get SALT Encoding   

  12  0:00  SCV  
  13  0:12  SCV  
  14  0:16  Supply Depot  
  14  0:24  SCV  
  15  0:38  SCV  
  15  0:39  Barracks  
  16  0:43  Refinery  
  16  0:50  SCV  
  17  1:02  SCV  
  17  1:03  Refinery  
  18  1:13  Supply Depot  
  18  1:14  SCV  
  19  1:27  Reaper  
  19  1:28  Orbital Command  
  20  1:47  Factory  
  20  1:54  SCV  
  21  2:01  Reaper  
  21  2:07  SCV  
  23  2:16  Command Center  
  23  2:20  SCV  
  24  2:32  SCV, Hellion  
  27  2:39  Starport  
  27  2:44  SCV  
  28  2:48  Supply Depot  
  28  2:49  Barracks Reactor  
  28  2:56  Widow Mine  
  28  2:57  SCV  
  31  3:10  SCV  
  32  3:16  Medivac  
  32  3:19  Widow Mine  
  36  3:22  SCV  
  37  3:27  Marine x2  
  37  3:29  Orbital Command  
  37  3:34  SCV  
  37  3:40  Factory Tech Lab, Refinery  
  38  3:45  Marine x2  
  38  3:46  SCV, Starport Tech Lab  
  41  3:53  Supply Depot  
  41  3:56  SCV  
  41  3:58  SCV  
  41  4:01  Siege Tank  
  46  4:03  Marine  
  46  4:05  Marine  
  46  4:08  SCV  
  49  4:10  SCV  
  49  4:13  Raven  
  52  4:17  Interference Matrix  
  52  4:26  SCV  
  52  4:27  SCV  
  52  4:29  Marine x2  
  54  4:35  Siege Tank  
  55  4:39  SCV x2  
  55  4:40  Supply Depot  
  55  4:41  Barracks  
  57  4:47  Marine x2  
  57  4:51  SCV x2  
  61  4:52  Barracks  
  61  4:56  Engineering Bay  
  61  5:03  SCV x2  
  61  5:05  Supply Depot, Marine  
  64  5:07  Marine  
  64  5:11  Siege Tank  
  68  5:17  SCV  
  68  5:18  SCV  
  70  5:22  Starport Reactor  
  70  5:24  Marine  
  70  5:25  Marine  
  70  5:35  SCV x2  
  69  5:39  Terran Infantry Weapons Level 1  
  69  5:42  Marine  
  70  5:45  Refinery  
  70  5:47  Stimpack, Marauder  
  70  5:48  Supply Depot x2  
  70  5:49  Marine  
  73  5:56  Combat Shield, Factory Reactor, Marauder  
  75  5:59  Marine  
  74  6:07  Marine  
  74  6:09  Marauder  
  77  6:14  Medivac x2  
  77  6:17  Supply Depot, Marine  
  77  6:18  Supply Depot, Marauder  
  84  6:25  Marine  
  85  6:31  Marauder  
  87  6:35  Widow Mine x2, Marine  
  87  6:39  Marauder  
  92  6:40  Supply Depot  
  92  6:42  Supply Depot  
  92  6:43  Marine  
  91  6:48  Medivac x2  
  91  6:52  Marine  
  94  6:54  Marine  
  94  6:56  Widow Mine x2  
  94  7:01  Marauder, Marine  
  102  7:04  Supply Depot  
  102  7:05  Supply Depot  
  102  7:10  Marauder  
  102  7:18  Marine  
  102  7:19  Command Center  
  102  7:20  Widow Mine x2  
  102  7:22  Marauder  
  107  7:31  Marauder  
  107  7:36  Barracks  
  109  7:37  Medivac x2, Barracks  
  109  7:42  SCV  
  114  7:45  SCV  
Tags
 
Add a new tag
Caveats
  • Supply blocks, unpowered buildings, or Contaminate may cause inaccurate times.
  • Supply counts are checked every 10 seconds.